 Dungeon Crawl Stone Soup version 0.18.1-50-g88ac8fd (console) character file.

770 Gottschkopf the Thaumaturge (level 7, -3/36 HPs)
             Began as a Deep Elf Fire Elementalist on Sept 29, 2016.
             Splashed by an oklob plant's acid (12 damage)
             ... created by the enmity of Fedhas Madash
             ... on level 4 of the Dungeon on Sept 30, 2016.
             The game lasted 00:16:35 (3705 turns).

Gottschkopf the Thaumaturge (DEFE)                  Turns: 3705, Time: 00:16:35

Health: -3/36      AC:  8    Str:  5    XL:     7   Next: 52%
Magic:  1/21       EV: 13    Int: 24    God:
Gold:   206        SH:  0    Dex: 15    Spells: 5 memorised, 8 levels left

rFire  . . .     SeeInvis .     t - +2 mace (protect)
rCold  . . .     Gourm    .     a - +0 robe
rNeg   . . .     Faith    .     (no shield)
rPois  .         Spirit   .     (no helmet)
rElec  .         Dismiss  .     d - +0 cloak
rCorr  .         Reflect  .     (no gloves)
SustAt .         Harm     .     (no boots)
MR     .....                    (no amulet)
Stlth  +.........               (no ring)
                                e - +2 ring of intelligence

@: confused, not resistant to hostile enchantments, very unstealthy
A: no striking features
a: no special abilities


You were on level 4 of the Dungeon.
You were not hungry.

You visited 1 branch of the dungeon, and saw 5 of its levels.

You collected 206 gold pieces.

Inventory:

Hand Weapons
 t - a +2 mace of protection (weapon)
Armour
 a - a +0 robe (worn)
 d - a +0 cloak (worn)
Jewellery
 e - a +2 ring of intelligence (left hand)
Scrolls
 g - a scroll of teleportation {unknown}
 i - a scroll of remove curse {unknown}
 j - 4 scrolls of magic mapping {unknown}
 o - 2 scrolls of fog {unknown}
 p - a scroll of enchant armour {unknown}
 q - 2 scrolls of fear {unknown}
 r - 2 scrolls of recharging {unknown}
 x - a scroll of amnesia {unknown}
Potions
 f - 2 potions of brilliance
 h - a potion of lignification {unknown}
 k - 2 potions of agility
 m - a potion of cure mutation
 u - a potion of curing
Books
 b - a book of Flames

   Spells                             Type                      Level
   a - Flame Tongue                   Conjuration/Fire             1
   b - Throw Flame                    Conjuration/Fire             2
   c - Conjure Flame                  Conjuration/Fire             3
   d - Inner Flame                    Hexes/Fire                   3
   e - Sticky Flame                   Conjuration/Fire             4
   f - Fireball                       Conjuration/Fire             5
Comestibles
 c - 5 bread rations
 l - a meat ration
 s - 4 chunks of flesh
 v - 8 fruits
 w - 2 beef jerkies


   Skills:
 - Level 2.4 Dodging
 - Level 2.4 Stealth
 - Level 8.9 Spellcasting
 + Level 4.1 Conjurations
 - Level 5.4 Fire Magic


You had 8 spell levels left.
You knew the following spells:

 Your Spells              Type           Power        Failure   Level  Hunger
a - Flame Tongue          Conj/Fire      ####.        1%          1    None
b - Throw Flame           Conj/Fire      ####..       1%          2    None
c - Conjure Flame         Conj/Fire      ####....     2%          3    None
d - Sticky Flame          Conj/Fire      ####....     10%         4    ##.....
e - Fireball              Conj/Fire      ####......   24%         5    ####...


Dungeon Overview and Level Annotations

Branches:
Dungeon (5/15)
 Temple: D:4-7

Altars:
Cheibriados
Fedhas
Okawaru
Pakellas
Trog

Shops:
D:4 [

Annotations:
D:4 exclusion: 2 oklob plants


Message History

Aim: an oklob plant (hasn't noticed you, durably summoned)
The sticky flame hits the oklob plant.
The oklob plant is lightly damaged.
The oklob plant is covered in liquid flames!
Casting: Sticky Flame
Confirm with . or Enter, or press ? or * to list all spells.
Aiming: Flame Tongue
Press: ? - help, Shift-Dir - straight line, f/p - oklob plant
Aim: an oklob plant (lightly damaged, covered in liquid flames, durably summoned)
The flame tongue hits the oklob plant.
The oklob plant appears unharmed.
The oklob plant is lightly damaged.
The oklob plant burns!
The wandering mushroom releases spores at you.
You are engulfed in a cloud of spores!
You are confused.
The oklob plant spits acid at you. The splash of acid hits you!
* * * LOW HITPOINT WARNING * * *
The acid burns!
You die...

#......).)..#
####.#####).#
#..# ### #..#
....
#..#######
.###
#.........
##.#######
#P#########.##
#f@P..........
##############


You could see 2 oklob plants and a wandering mushroom.

Vanquished Creatures
  The ghost of freekh the Insei, an amateur OpTm (D:3)
  Blork the orc (D:4)
  2 orc wizards (D:4)
  2 orc priests (D:4)
  Natasha (thrice) (D:4)
  5 worker ants
  4 gnolls (D:3)
  8 adders
  A worm (D:3)
  A dart slug (D:4)
  2 giant geckos
  17 orcs
  2 giant cockroaches
  9 goblins
  2 hobgoblins
  4 jackals
  2 quokkas
  9 bats
  A giant gecko skeleton (D:5)
  A giant gecko zombie (D:5)
  A giant newt (D:2)
  9 kobolds
  4 rats
91 creatures vanquished.

Notes
Turn   | Place    | Note
--------------------------------------------------------------
     0 | D:1      | Gottschkopf the Deep Elf Fire Elementalist began the quest for the Orb.
     0 | D:1      | Reached XP level 1. HP: 10/10 MP: 6/6
   194 | D:1      | Reached XP level 2. HP: 8/15 MP: 2/8
   205 | D:1      | Reached skill level 4 in Spellcasting
   234 | D:1      | Learned a level 2 spell: Throw Flame
   911 | D:2      | Reached XP level 3. HP: 19/19 MP: 11/11
   917 | D:2      | Learned a level 3 spell: Conjure Flame
   959 | D:2      | Found a bloodstained altar of Trog.
   968 | D:2      | Reached skill level 5 in Spellcasting
   997 | D:2      | Found an oddly glowing altar of Pakellas.
  1163 | D:2      | Found an iron altar of Okawaru.
  1642 | D:3      | Reached skill level 6 in Spellcasting
  1642 | D:3      | Reached XP level 4. HP: 19/24 MP: 5/14
  1668 | D:3      | Learned a level 4 spell: Sticky Flame
  2019 | D:3      | Noticed freekh's ghost (amateur OpTm)
  2021 | D:3      | Reached skill level 7 in Spellcasting
  2021 | D:3      | Reached XP level 5. HP: 24/28 MP: 10/16
  2073 | D:3      | HP: 1/28 [freekh's ghost (7)]
  2078 | D:3      | Killed freekh's ghost
  2078 | D:3      | Reached skill level 8 in Spellcasting
  2078 | D:3      | Reached XP level 6. HP: 6/32 MP: 2/19
  2085 | D:3      | Learned a level 5 spell: Fireball
  2425 | D:3      | Found a faded altar to an unknown god.
  2443 | D:3      | Became a worshipper of Fedhas Madash
  2443 | D:3      | Reached * piety under Fedhas
  2443 | D:3      | Fell from the grace of Fedhas
  2680 | D:4      | Found Laatih's Antique Armour Boutique.
  2768 | D:4      | Noticed Natasha
  2771 | D:4      | Killed Natasha
  2787 | D:4      | Noticed Natasha
  2788 | D:4      | Noticed Blork the orc
  2810 | D:5      | Entered Level 5 of the Dungeon
  3136 | D:4      | Killed Natasha
  3163 | D:4      | Killed Blork the orc
  3163 | D:4      | Reached skill level 5 in Fire Magic
  3163 | D:4      | Reached XP level 7. HP: 16/36 MP: 11/21
  3206 | D:4      | Noticed Natasha
  3211 | D:4      | Killed Natasha
  3468 | D:4      | Found a snail-covered altar of Cheibriados.
  3704 | D:4      | Noticed a wandering mushroom
  3704 | D:4      | Noticed an oklob plant
  3704 | D:4      | Noticed an oklob plant
  3705 | D:4      | Splashed by an oklob plant's acid

Skill      XL: |  1  2  3  4  5  6  7 |
---------------+----------------------+-----
Spellcasting   | 4 6 7 8 |  8.9
Fire Magic     | 5 |  5.4
Conjurations   | 4 |  4.1
Dodging        | |  2.4
Stealth        | |  2.4

Action                   |  1- 3 |  4- 6 |  7- 9 || total
-------------------------+-------+-------+-------++-------
Melee: Short sword       |    10 |       |       ||    10
       Dagger            |     5 |     4 |       ||     9
 Cast: Flame Tongue      |    52 |    85 |    43 ||   180
       Throw Flame       |     1 |    10 |     2 ||    13
       Conjure Flame     |       |     2 |     1 ||     3
       Sticky Flame      |       |     2 |     2 ||     4
       Fireball          |       |       |     1 ||     1
Invok: Renounce Religion |       |     1 |       ||     1
  Use: Scroll            |     5 |       |       ||     5
       Potion            |     1 |     5 |       ||     6
 Stab: Sleeping          |     3 |     1 |       ||     4
  Eat: Chunk             |     2 |     4 |     3 ||     9
Armor: Robe              |     4 |     1 |       ||     5
Dodge: Dodged            |    27 |    44 |     4 ||    75
